 Dungeon Crawl Stone Soup version 0.21-a0-394-gdc75ea7 (webtiles) character file.

108348 Charmandara the Severer (level 16, -9/157 HPs)
             Began as a Deep Dwarf Fighter on Oct 17, 2017.
             Was the Champion of Makhleb.
             Blown up by an orb spider (51 damage)
             ... with an orb of destruction
             ... on level 2 of the Spider Nest on Oct 18, 2017.
             The game lasted 01:51:51 (23060 turns).

Charmandara the Severer (Deep Dwarf Fighter)       Turns: 23060, Time: 01:51:52

Health: -9/157     AC: 30    Str: 26    XL:     16   Next: 2%
Magic:  10/10      EV:  6    Int: 12    God:    Makhleb [******]
Gold:   976        SH:  0    Dex: 12    Spells: 3/15 levels left

rFire    + + .     SeeInvis +   T - +6 battleaxe (distort) {!w}
rCold    + + .     Gourm    .   (shield currently unavailable)
rNeg     + . .     Faith    .   i - +2 gold dragon scales
rPois    +         Spirit   .   V - +2 helmet {SInv}
rElec    .         Reflect  .   g - +0 cloak
rCorr    .         Harm     .   (no gloves)
MR       ++...                  e - +0 pair of boots
Stlth    ..........             B - amulet of rage {+Rage, !d}
HPRegen  0.00/turn              Q - ring of protection from cold {rC+, !d}
MPRegen  0.12/turn              u - ring of protection from fire {rF+, !d}

@: non-regenerating
A: damage resistance, heal wounds, hooves 1, negative energy resistance 1, sense
surroundings 2, strong 1, wild magic 1, no regeneration
a: Heal Wounds, Minor Destruction, Lesser Servant of Makhleb, Major Destruction,
Greater Servant of Makhleb, Renounce Religion, Evoke Berserk Rage


You were on level 2 of the Spider Nest.
You worshipped Makhleb.
Makhleb was exalted by your worship.
You were not hungry.

You visited 5 branches of the dungeon, and saw 26 of its levels.
You also visited: Labyrinth and Ice Cave.

You collected 2250 gold pieces.
You spent 1274 gold pieces at shops.

Inventory:

Hand Weapons
 H - the +4 hunting sling of Icoiqu {venom, Str+4}
   (You found it in a labyrinth)

   It poisons the ammo it fires.
   It affects your strength (+4).
 T - a +6 battleaxe of distortion (weapon) {!w}
   (You took it off a centaur on level 7 of the Dungeon)
Missiles
 h - 764 stones
 m - 142 bolts
 p - 217 sling bullets
 s - 9 javelins (quivered)
 P - 5 curare-tipped needles
 W - 45 tomahawks
Armour
 e - a +0 pair of boots (worn)
   (You found it on level 13 of the Dungeon)
 g - a +0 cloak (worn)
   (You found it on level 10 of the Dungeon)
 i - +2 gold dragon scales (worn)
   (You found it on level 6 of the Lair of Beasts)
 k - the +9 plate armour "Jaycahiety" {Str+4 Int+4}
   (You found it on level 6 of the Lair of Beasts)

   It affects your strength (+4).
   It affects your intelligence (+4).
 S - the +7 Kryia's mail coat {PotionHeal*2 rC+}
   (You found it in an ice cave)

   It protects you from cold.
 V - a +2 helmet of see invisible (worn)
   (You found it on level 7 of the Dungeon)
Jewellery
 u - a ring of protection from fire (right hand) {rF+, !d}
   (You found it in a labyrinth)
 x - an uncursed amulet of magic regeneration
   (You took it off a goblin on level 2 of the Dungeon)
 B - an amulet of rage (around neck) {+Rage, !d}
   (You found it on level 10 of the Dungeon)
 I - an uncursed ring of wizardry {Wiz+, !d}
   (You found it on level 4 of the Dungeon)
 Q - a ring of protection from cold (left hand) {rC+, !d}
   (You found it on level 6 of the Dungeon)
Wands
 q - a wand of lightning (0/15)
   (You found it on level 13 of the Dungeon)
 y - a wand of enslavement (3/24)
   (You found it on level 4 of the Lair of Beasts)
 A - a wand of clouds (0/9)
   (You found it on level 5 of the Lair of Beasts)
 N - a wand of polymorph (0/24)
   (You found it on level 1 of the Lair of Beasts)
Scrolls
 o - 3 scrolls of fog
 t - a scroll of recharging
 v - 4 scrolls of immolation {!r}
 C - a scroll of identify
 D - 3 scrolls of teleportation
 M - a scroll of blinking {!r}
 R - 13 scrolls of remove curse
Potions
 a - 2 potions of might
 c - 2 potions of resistance
 j - 6 potions of curing
 l - a potion of ambrosia
 n - 4 potions of brilliance
 z - 2 potions of magic
 E - 2 potions of agility
 G - 2 potions of lignification {!q}
 K - a potion of mutation {!q}
 L - 2 potions of cancellation
 X - 3 potions of haste
Books
 O - a book of Ice
   (You found it in an ice cave)
 Z - a Young Poisoner's Handbook
   (You found it on level 14 of the Dungeon)
Miscellaneous
 b - a sack of spiders
 w - a lamp of fire
   (You found it on level 3 of the Lair of Beasts)
 U - a phantom mirror
 Y - a fan of gales
   (You found it on level 7 of the Dungeon)
Comestibles
 f - 10 bread rations {@e1}
 r - 16 royal jellies
 F - 2 chunks of flesh {@w0}
 J - 11 meat rations {@e2}


   Skills:
 - Level 13.5 Fighting
 - Level 20.0 Axes
 - Level 16.2 Armour
 + Level 0.5 Dodging
   Level 3.2 Shields
 + Level 4.4 Invocations
 + Level 0.8 Evocations


You had 3 spell levels left.
You knew the following spells:

 Your Spells              Type           Power        Failure   Level  Hunger
a - Summon Small Mammal   Summ           #...         100%        1    ##.....
b - Cause Fear            Hex            #.........   100%        4    #####..
x - Vampiric Draining     Necr           #.........   100%        3    ####...
z - Spectral Weapon       Hex/Chrm       #.......     100%        3    ####...
A - Animate Skeleton      Necr           N/A          100%        1    ##.....


Dungeon Overview and Level Annotations

Branches:
Dungeon (15/15)            Temple (1/1) D:7            Lair (6/6) D:11
 Shoals (0/4) Lair:3       Spider (2/4) Lair:4        Slime (0/5) Lair:5
    Orc (2/2) D:12            Elf (0/3) Orc:2        Vaults (0/5) D:13
 Depths (0/5) D:15

Altars:
Ashenzari
Cheibriados
Dithmenos
Elyvilon
Fedhas
Gozag
Hepliaklqana
Kikubaaqudgha
Makhleb
Nemelex Xobeh
Okawaru
Qazlal
Ru
Sif Muna
Trog
Uskayaw
Vehumet
Wu Jian
Xom
Yredelemnul
Zin
The Shining One
Beogh
Jiyva
Lugonu

Shops:
D:7 [   D:9 ?   D:10 *   D:15 *   Orc:1 [(*   Orc:2 (?}[!

Annotations:
D:8 Grum
Orc:2 Erolcha


Innate Abilities, Weirdness & Mutations

You are resistant to damage.
You can heal yourself by infusing magical energy.
You resist negative energy. (rN+)
You passively map the area around you.
You do not regenerate.
You have large cloven feet.
Your muscles are strong. (Str +2)
Your spells are a little harder to cast, but a little more powerful.


Message History

The orb spider weaves a glowing orb of energy.
An orb of destruction comes into view.
The wavering orb of destruction hits the wolf spider.
The jumping spider leaps!
You slice the wolf spider!!
You kill the wolf spider!
Makhleb accepts your kill.
You feel better.
The jumping spider leaps!
You regained 17 hp, and now have 78/157 hp.
Okay, then.
Aim: a jumping spider (chance to defeat MR: 46%)
The jumping spider resists with some effort.
This wand has 3 charges left.
The orb spider pulsates with a strange energy.
The orb spider begins to weave its threads into a brightly glowing ball.
The jumping spider leaps!
The orb spider weaves a glowing orb of energy.
An orb of destruction comes into view.
Unknown command.
A jumping spider comes into view.
The jumping spider hisses angrily.
The jumping spider leaps!
The orb spider weaves a glowing orb of energy.
An orb of destruction comes into view.
The orb of destruction hits you!
The jumping spider leaps! x2
The orb of destruction hits you!
* * * LOW HITPOINT WARNING * * *
A redback comes into view.
You take 52 damage, and have 26/157 hp.
MASSIVE DAMAGE!!
Okay, then.
As you read the scroll of summoning, it crumbles to dust.
Wisps of shadow whirl around you...
The jumping spider leaps!
Unknown command.
You swap places.
The orb spider bites your jumping spider but does no damage.
The orb spider pulsates with a strange energy.
The jumping spider pounces on you but does no damage.
The jumping spider bites you but does no damage.
Your jumping spider misses the orb spider.
Your jumping spider bites the orb spider.
The jumping spider barely misses your redback.
The jumping spider closely misses your redback.
Your jumping spider leaps!
Your tarantella bites the orb spider!
The orb spider appears confused.
The orb spider closely misses your redback.
The jumping spider leaps!
A redback comes into view.
Unknown command.
You slice the redback!!
You kill the redback!
Makhleb accepts your kill.
You feel better.
Your tarantella bites the orb spider!
The orb spider appears confused.
Your redback bites the orb spider!
The orb spider bites your redback but does no damage.
The orb spider weaves a glowing orb of energy.
The wavering orb of destruction weakly hits your redback.
Your redback bites the orb spider!
You regained 16 hp, and now have 42/157 hp.
The jumping spider leaps!
Your tarantella bites the orb spider.
Your redback bites the orb spider!
The orb spider weaves a glowing orb of energy.
The orb spider misses your redback.
Your redback bites the orb spider. x2
The orb spider looks as sick as possible!
Your redback poisons the orb spider!
The jumping spider leaps!
Your redback bites the orb spider.
The orb spider looks as sick as possible!
Your redback poisons the orb spider!
Your tarantella bites the orb spider.
An orb of destruction comes into view.
The orb spider dies!
Makhleb accepts your kill.
The orb spider spins a strand of pure energy.
Your redback closely misses the orb spider.
The jumping spider leaps!
The orb spider pulsates with a strange energy.
You slice the redback!!
The redback disappears!
Your redback bites the orb spider!
The orb spider looks as sick as possible!
Your redback poisons the orb spider!
Your redback bites the orb spider!
The orb spider looks as sick as possible!
Your redback poisons the orb spider!
You slice the jumping spider!!
The jumping spider disappears!
The orb spider dies!
Makhleb accepts your kill.
Your redback barely misses the orb spider.
The orb spider weaves a glowing orb of energy.
The wavering orb of destruction weakly hits your redback.
Your redback is blown up!
Your redback's corpse dissolves into shadows!
The jumping spider leaps!
The orb spider hisses angrily.
The orb spider dies!
Makhleb accepts your kill.
The orb spider pulsates with a strange energy.
You swap places.
The orb spider weaves a glowing orb of energy.
An orb of destruction comes into view.
You swap places.
You swap places.
The orb of destruction hits you!
You die...

***, , ##^.§.............,
** , , ,##..........#####.%
, , ,, ,
#...............###### , ,
,#......s.%††)........###
,,,
,##§....§..#††.<.......... ,
, #.§..s....#......%.......
,,
##§....§...#...†.†......%.
##.§....§§..#.....%........
*...§....ss@.#............^.
*
*.$..§*.†sss.#......#.....<.
* *
............#......#.......
...^........#.%....#......#
......††....#.^....#...^.##
* ............##.....#.....#
*
.............#.....##....##
*.............##.....#.....#
.###.......##......#.#...#


You could see an orb spider, a redback, a friendly jumping spider, a friendly
tarantella and 3 friendly redbacks.

Vanquished Creatures
  A frost giant (D:15)
  2 entropy weavers (Spider:1)
  A minotaur (Lab)
  Josephine (D:10)
  5 hydras
  5 two-headed ogres
  7 centaur warriors
  2 death yaks (Lair:6)
  12 orb spiders
  3 unseen horrors
  A lindwurm (Lair:6)
  Pikel (D:4)
  A phantasmal warrior (D:15)
  A necromancer (D:13)
  An orc knight (Orc:1)
  A deep elf mage (D:14)
  4 cyclopes
  6 ugly things
  7 orc sorcerers (Orc:2)
  5 manticores
  7 wolf spiders
  A centaur zombie (D:13)
  8 elephants
  4 black mambas
  Joseph (D:10)
  3 ice statues (IceCv)
  15 spiny frogs
  3 torpor snails
  A yaktaur (D:15)
  5 rime drakes
  10 komodo dragons
  3 demonic crawlers
  A queen bee (Lair:5)
  A red devil (D:13)
  7 jumping spiders
  8 trolls
  5 meliai
  A merfolk (Lair:3)
  15 blink frogs
  A blink frog (shapeshifter) (D:15)
  12 hippogriffs
  A hornet (Spider:1)
  3 slime creatures (D:14)
  Grinder (D:4)
  9 dream sheep
  21 redbacks
  A spriggan (Lair:3)
  3 wyverns
  8 wraiths
  3 basilisks
  A water elemental (D:11)
  36 yaks
  7 tarantellas
  A steam dragon (D:15)
  3 hungry ghosts
  3 wargs
  3 vampire mosquitoes (D:12)
  A soldier ant (D:12)
  2 acid dragons
  14 water moccasins
  2 hell hounds (D:11)
  8 porcupines
  3 sky beasts
  An eye of draining (D:13)
  A hornet zombie (D:10)
  17 orc warriors
  4 phantoms
  2 slaves (D:4)
  9 ice beasts
  A black bear (D:12)
  13 ogres
  2 necrophages
  10 wolves
  20 centaurs
  10 crocodiles
  A crocodile (shapeshifter) (D:13)
  4 big kobolds
  16 bullfrogs
  A hornet simulacrum (D:14)
  A water moccasin skeleton (D:7)
  3 scorpions
  10 wights
  37 killer bees
  4 howler monkeys
  3 crimson imps
  8 hounds
  2 centaur skeletons
  7 jellies
  5 bullfrog skeletons
  8 orc priests
  25 orc wizards
  Jessica (D:2)
  Terence (D:2)
  A hell rat (Lair:5)
  4 iguanas
  12 worker ants
  A killer bee zombie (D:5)
  3 hound zombies
  A hound skeleton (D:5)
  A worker ant zombie (D:7)
  Robin (D:2)
  6 gnolls
  15 adders
  A river rat (Lair:5)
  7 shadow imps
  An ooze (D:1)
  An adder zombie (D:8)
  An adder skeleton (D:4)
  4 worms
  2 dart slugs (D:2)
  A leopard gecko (D:3)
  95 orcs
  4 bats
  4 giant cockroaches
  10 goblins
  14 hobgoblins
  12 jackals
  32 kobolds
  4 quokkas
  2 ball pythons
  12 frilled lizards
  7 rats
  6 fungi
  3 plants
808 creatures vanquished.

Vanquished Creatures (collateral kills)
  An orc warlord (Orc:1)
  A hydra (Lair:2)
  An ogre mage (Orc:2)
  An orc sorcerer (Orc:2)
  A wolf spider (Spider:1)
  5 orb spiders (Spider:2)
  3 blink frogs
  A hippogriff (Lair:2)
  A warg (Orc:1)
  A water moccasin (Lair:2)
  An orc warrior (Orc:1)
  A bullfrog (D:11)
  2 orc priests
  8 orc wizards
  6 orcs
34 creatures vanquished.

Vanquished Creatures (others)
  A great orb of eyes (D:12)
  A two-headed ogre (D:15)
  A death yak (Lair:6)
  A shadow wraith (D:15)
  An unseen horror (D:14)
  A lindwurm (Lair:6)
  2 wolf spiders (Spider:2)
  A cyclops (D:15)
  An ugly thing (D:14)
  An orc sorcerer (Orc:2)
  A torpor snail (Lair:1)
  3 spiny frogs
  2 rime drakes
  A kobold demonologist (D:15)
  A freezing wraith (D:14)
  A meliai (Lair:5)
  A komodo dragon (D:13)
  A polar bear (Lair:6)
  5 jumping spiders
  A troll (D:9)
  2 redbacks (Spider:1)
  A tarantella (Spider:1)
  4 yaks
  A basilisk (Lair:2)
  A soldier ant (D:11)
  A water moccasin (Lair:5)
  An orc warrior (D:10)
  An ice beast (IceCv)
  A wolf (Lair:3)
  2 ogres (Orc:2)
  4 centaurs
  A big kobold (D:8)
  A bullfrog (Lair:1)
  3 killer bees (Lair:5)
  A wight (D:15)
  A crimson imp (D:11)
  2 orc wizards (Orc:2)
  A worker ant (D:11)
  A kobold (D:10)
  11 fungi
  2 plants (Lair:6)
71 creatures vanquished.

Grand Total: 913 creatures vanquished

Notes
Turn   | Place    | Note
-------+----------+-------------------------------------------
     0 | D:1      | Charmandara the Deep Dwarf Fighter began the quest for the Orb.
     0 | D:1      | Reached XP level 1. HP: 20/20 MP: 1/1
    40 | D:1      | Reached skill level 3 in Axes
   115 | D:1      | Reached XP level 2. HP: 21/27 MP: 2/2
   968 | D:2      | Reached XP level 3. HP: 21/33 MP: 3/3
   971 | D:2      | Reached skill level 4 in Axes
  1072 | D:2      | Noticed Robin
  1076 | D:2      | Noticed Terence
  1079 | D:2      | Killed Robin
  1087 | D:2      | Killed Terence
  1087 | D:2      | Reached skill level 5 in Axes
  1087 | D:2      | Reached XP level 4. HP: 20/40 MP: 4/4
  1464 | D:2      | Noticed Jessica
  1472 | D:2      | Killed Jessica
  1677 | D:3      | Found a blossoming altar of Fedhas.
  1847 | D:3      | Reached XP level 5. HP: 16/46 MP: 5/5
  1859 | D:3      | Reached skill level 6 in Axes
  2202 | D:3      | Learned a level 1 spell: Animate Skeleton
  2206 | D:3      | Learned a level 3 spell: Vampiric Draining
  2286 | D:3      | Found a basalt altar of Yredelemnul.
  2345 | D:3      | HP: 9/46 [gnoll/spear (4)]
  2347 | D:3      | HP: 3/46 [poisoned by a gnoll]
  2934 | D:4      | Reached skill level 7 in Axes
  2934 | D:4      | Reached XP level 6. HP: 34/55 MP: 6/6
  3408 | D:4      | Noticed Grinder
  3415 | D:4      | HP: 13/55 [Grinder/nerve-wracking pain (10)]
  3419 | D:4      | Killed Grinder
  3419 | D:4      | Reached skill level 8 in Axes
  3419 | D:4      | Reached XP level 7. HP: 15/61 MP: 7/7
  3445 | D:4      | HP: 14/61 [orc priest/divine providence (9)]
  3605 | D:4      | Reached skill level 9 in Axes
  3640 | D:4      | Noticed Pikel
  3662 | D:4      | Gained mutation: Your muscles are strong. (Str +2) [potion of mutation]
  3662 | D:4      | Gained mutation: Your spells are a little harder to cast, but a little more powerful. [potion of mutation]
  3662 | D:4      | Gained mutation: You have large cloven feet. [potion of mutation]
  3668 | D:4      | Killed Pikel
  3668 | D:4      | Reached skill level 10 in Axes
  3668 | D:4      | Reached XP level 8. HP: 18/68 MP: 8/8
  3847 | D:5      | Entered Level 5 of the Dungeon
  3913 | D:5      | Reached skill level 11 in Axes
  3934 | D:5      | Found a sparkling altar of Nemelex Xobeh.
  3935 | D:5      | Found a hide-covered altar of Uskayaw.
  3938 | D:5      | Found a hazy altar of Hepliaklqana.
  3939 | D:5      | Found an iron altar of Okawaru.
  3940 | D:5      | Found an opulent altar of Gozag.
  3940 | D:5      | Found a bloodstained altar of Trog.
  3940 | D:5      | Found a shimmering altar of Xom.
  3940 | D:5      | Found a white marble altar of Elyvilon.
  3942 | D:5      | Found a glowing silver altar of Zin.
  3944 | D:5      | Found an ornate altar of the Wu Jian Council.
  4114 | D:5      | HP: 15/68 [killer bee zombie (3)]
  4117 | D:5      | HP: 5/68 [killer bee zombie (6)]
  4162 | D:5      | HP: 17/68 [gnoll/spear (2)]
  4198 | D:5      | HP: 15/68 [hound zombie (2)]
  4429 | D:6      | Reached skill level 12 in Axes
  4713 | D:6      | Gained mutation: You passively map the area around you. [Deep Dwarf growth]
  4713 | D:6      | Reached XP level 9. HP: 23/74 MP: 7/7
  4728 | D:6      | HP: 16/74 [something (3)]
  4732 | D:6      | HP: 3/74 [something (7)]
  4736 | D:6      | Killed an unseen horror
  4736 | D:6      | Reached skill level 3 in Fighting
  4736 | D:6      | Reached skill level 13 in Axes
  5132 | D:6      | Found a deep blue altar of Sif Muna.
  5157 | D:6      | Reached skill level 4 in Fighting
  5590 | D:7      | Found a staircase to the Ecumenical Temple.
  5599 | Temple   | Entered the Ecumenical Temple
  5720 | Temple   | Became a worshipper of Makhleb the Destroyer
  5870 | D:7      | Reached skill level 5 in Fighting
  5870 | D:7      | Reached skill level 14 in Axes
  5904 | D:7      | HP: 19/81 [hippogriff (2)]
  6001 | D:7      | Reached XP level 10. HP: 45/88 MP: 8/8
  6203 | D:7      | Found Ilokhoni's Armour Boutique.
  6380 | D:8      | Noticed a two-headed ogre
  6396 | D:8      | Noticed a two-headed ogre
  6418 | D:8      | Noticed Grum
  6934 | D:8      | Killed a two-headed ogre
  6934 | D:8      | Reached skill level 6 in Fighting
  6979 | D:8      | Reached * piety under Makhleb
  7094 | D:8      | HP: 18/91 [two-headed ogre/giant club (15)]
  7105 | D:8      | Killed a two-headed ogre
  7105 | D:8      | Reached skill level 15 in Axes
  7846 | D:9      | Noticed a two-headed ogre
  7883 | D:9      | Killed a two-headed ogre
  7986 | D:9      | HP: 20/92 [orc warrior/enchanted long sword (4)]
  7990 | D:9      | HP: 5/92 [orc priest/divine providence (11)]
  8296 | D:9      | Reached skill level 7 in Fighting
  8485 | D:9      | Found Zedaerex's Magic Scroll Shoppe.
  8593 | D:9      | Reached XP level 11. HP: 64/100 MP: 8/8
  8601 | D:9      | Reached ** piety under Makhleb
  8810 | D:10     | Entered Level 10 of the Dungeon
  8824 | D:10     | Reached skill level 16 in Axes
  8830 | D:10     | Noticed a two-headed ogre
  8840 | D:10     | Killed a two-headed ogre
  8949 | D:10     | Noticed Joseph
  8961 | D:10     | Killed Joseph
  9012 | D:10     | Got a spiked leather armour
  9033 | D:10     | Found Mackenn's Assorted Antiques.
  9140 | D:10     | Learned a level 1 spell: Summon Small Mammal
  9169 | D:10     | Reached *** piety under Makhleb
  9172 | D:10     | Noticed Josephine
  9173 | D:10     | Reached skill level 8 in Fighting
  9177 | D:10     | HP: 18/103 [Josephine/ghostly fireball (24)]
  9182 | D:10     | HP: 14/103 [Josephine/vampiric draining (18)]
  9183 | D:10     | HP: 5/103 [Josephine/ghostly fireball (9)]
  9188 | D:10     | HP: 30/154 [wraith[Josephine] (4)]
  9235 | D:10     | HP: 21/103 [centaur/arrow (5)]
  9245 | D:9      | Upgraded the game from 0.21-a0-372-gd0ff781 to 0.21-a0-380-gd65dc97
  9396 | D:10     | Identified the cursed +1 leather armour of Kikubaaqudgha's Esteem {rN+ Stlth+} (You found it on level 10 of the Dungeon)
  9418 | D:10     | Killed Josephine
  9420 | D:10     | Reached skill level 17 in Axes
  9605 | D:10     | Found a shimmering altar of Xom.
  9687 | D:11     | Found a staircase to the Lair.
  9837 | D:11     | Learned a level 4 spell: Cause Fear
 10057 | D:11     | Reached **** piety under Makhleb
 10170 | D:11     | Reached skill level 9 in Fighting
 10196 | D:11     | HP: 26/106 [manticore (2)]
 10202 | D:11     | Reached XP level 12. HP: 57/114 MP: 8/8
 10654 | Lair:1   | Entered Level 1 of the Lair of Beasts
 10727 | Lair:1   | Found a snail-covered altar of Cheibriados.
 10860 | Lair:1   | Reached skill level 18 in Axes
 10881 | Lair:1   | Reached skill level 1 in Invocations
 11015 | Lair:1   | Reached skill level 2 in Invocations
 11424 | Lair:2   | Reached skill level 4 in Armour
 11440 | Lair:2   | Reached skill level 3 in Invocations
 11530 | Lair:2   | Found a labyrinth entrance.
 11573 | Lab      | Entered a labyrinth
 11822 | Lab      | Noticed a minotaur
 11829 | Lab      | Killed a minotaur
 11829 | Lab      | Reached skill level 5 in Armour
 11829 | Lab      | Reached skill level 4 in Invocations
 11842 | Lab      | Got a crystal hunting sling
 11942 | Lair:2   | Noticed a four-headed hydra
 12033 | Lair:2   | Noticed a seven-headed hydra
 12052 | Lair:2   | HP: 22/114 [seven-headed hydra (11)]
 12062 | Lair:2   | HP: 12/114 [poisoned by a spiny frog]
 12118 | Lair:2   | HP: 26/114 [seven-headed hydra (6)]
 12378 | D:12     | HP: 26/114 [cyclops/large rock (26)]
 12383 | D:12     | HP: 14/114 [cyclops/large rock (26)]
 12407 | D:12     | Reached skill level 6 in Armour
 12416 | D:12     | Reached skill level 19 in Axes
 12479 | D:12     | Identified the +4 hunting sling of Icoiqu {venom, Str+4} (You found it in a labyrinth)
 12510 | D:12     | Identified the Volume of Ice and Bewitchment
 12543 | D:12     | Found a staircase to the Orcish Mines.
 12862 | D:12     | Reached XP level 13. HP: 83/121 MP: 9/9
 12921 | D:12     | Paralysed by a great orb of eyes for 7 turns
 13090 | Orc:1    | Entered Level 1 of the Orcish Mines
 13117 | Orc:1    | Reached skill level 7 in Armour
 13121 | Orc:1    | Noticed an orc warlord
 13133 | Orc:1    | HP: 29/121 [warg[an orc warlord] (3)]
 13146 | Orc:1    | HP: 10/121 [orc warrior/trident of venom[an orc warlord] (23)]
 13156 | Orc:1    | HP: 21/121 [orc warrior/trident of venom[an orc warlord] (17)]
 13158 | Orc:1    | Killed an orc warlord
 13488 | Orc:1    | Found Hualezo's Assorted Antiques.
 13489 | Orc:1    | Found Ylufoh's Antique Armour Boutique.
 13493 | Orc:1    | Found Poug's Antique Weapon Shop.
 13732 | Orc:2    | Entered Level 2 of the Orcish Mines
 13744 | Orc:2    | Found a staircase to the Elven Halls.
 14030 | Orc:2    | Found an iron altar of Okawaru.
 14059 | Orc:2    | Found Mieky's Weapon Shoppe.
 14236 | Orc:2    | Found Jabbups's Magic Scroll Shoppe.
 14328 | Orc:2    | Found an ancient bone altar of Kikubaaqudgha.
 14339 | Orc:2    | Reached skill level 8 in Armour
 14345 | Orc:2    | HP: 26/121 [red devil/trident[an orc sorcerer] (8)]
 14365 | Orc:2    | Found Riadd's Gadget Shoppe.
 14376 | Orc:2    | Noticed Erolcha
 14385 | Orc:2    | Found a radiant altar of Vehumet.
 14481 | Orc:2    | Reached skill level 20 in Axes
 14486 | Orc:2    | Found a roughly hewn altar of Beogh.
 14486 | Orc:2    | Found Ginn's Antique Armour Shoppe.
 14496 | Orc:2    | Found Doseihud's Distillery.
 14556 | Orc:2    | Bought an embroidered scarf for 264 gold pieces
 14578 | Orc:2    | Bought a shiny plate armour for 858 gold pieces
 14622 | Orc:2    | Bought a scroll of enchant armour for 120 gold pieces
 14622 | Orc:2    | Bought a scroll of identify for 32 gold pieces
 14932 | Lair:3   | Learned a level 3 spell: Spectral Weapon
 15042 | Lair:3   | Found the +8 trident of the Octopus King {venom, rElec rPois MR+}
 15207 | Lair:3   | Reached skill level 9 in Armour
 15359 | Lair:3   | Found a staircase to the Shoals.
 15419 | Lair:3   | Reached skill level 10 in Fighting
 15739 | Lair:4   | Found a hole to the Spider Nest.
 16096 | Lair:4   | Reached skill level 10 in Armour
 16512 | Lair:5   | Found a viscous altar of Jiyva.
 16512 | Lair:5   | Found a staircase to the Slime Pits.
 16514 | Lair:5   | Gained mutation: You resist negative energy. (rN+) [Deep Dwarf growth]
 16514 | Lair:5   | Reached XP level 14. HP: 123/133 MP: 8/8
 16812 | Lair:5   | Reached ***** piety under Makhleb
 17394 | Lair:5   | Reached skill level 11 in Fighting
 17553 | Lair:6   | Entered Level 6 of the Lair of Beasts
 17688 | Lair:6   | Reached skill level 11 in Armour
 17923 | Lair:6   | Found a basalt altar of Yredelemnul.
 18223 | Lair:6   | Reached skill level 12 in Armour
 18356 | Lair:6   | Got a crude plate armour
 18367 | Lair:6   | Identified the +9 plate armour "Jaycahiety" {Str+4 Int+4} (You found it on level 6 of the Lair of Beasts)
 18432 | Lair:6   | Reached skill level 12 in Fighting
 18757 | D:13     | Found an iron altar of Okawaru.
 18838 | D:13     | HP: 27/138 [cyclops/large rock (37)]
 18859 | D:13     | Found a corrupted altar of Lugonu.
 18961 | D:13     | Found a gate to the Vaults.
 18974 | D:13     | Reached skill level 13 in Armour
 19531 | D:14     | Reached ****** piety under Makhleb
 19608 | D:14     | Reached XP level 15. HP: 101/146 MP: 9/9
 20235 | D:15     | Entered Level 15 of the Dungeon
 20259 | D:15     | Found Gozag's Platinum Reserve.
 20305 | D:15     | Reached skill level 14 in Armour
 20360 | D:15     | Found a frozen archway.
 20377 | IceCv    | Entered an ice cave
 20493 | IceCv    | Found the +7 Kryia's mail coat {PotionHeal*2 rC+}
 20921 | D:15     | Found a staircase to the Depths.
 20921 | D:15     | Noticed a frost giant
 20925 | D:15     | Killed a frost giant
 21099 | D:15     | Found an opulent altar of Gozag.
 21323 | D:15     | Upgraded the game from 0.21-a0-380-gd65dc97 to 0.21-a0-394-gdc75ea7
 21837 | Lair:2   | HP: 35/146 [seven-headed hydra (2)]
 21870 | Lair:2   | Reached skill level 13 in Fighting
 22172 | Spider:1 | Entered Level 1 of the Spider Nest
 22185 | Spider:1 | Reached skill level 15 in Armour
 22877 | Spider:2 | Reached skill level 16 in Armour
 23021 | Spider:2 | Reached XP level 16. HP: 61/157 MP: 10/10
 23047 | Spider:2 | HP: 26/157 [disintegration (24)]
 23060 | Spider:2 | Blown up by an orb spider

Vault maps used:
D:1:      saegor_arrival_simple_d, minmay_misc_feat_room
D:2:      uniq_robin, uniq_terence, uniq_jessica
D:3:      lemuel_crystal_altar, fedhas_altar_2, first_bread
D:4:      minmay_wonky_spiral, minmay_misc_feat_cross, minmay_misc_feat_five,
          lightli_corner_chamber, uniq_grinder, uniq_pikel
D:5:      minitemple, minmay_misc_feat_nine_boxes
D:6:      led_sif_pool, hangedman_abyss_or_decor_stabs, hangedman_glass_teeth,
          st_stairs_2
D:7:      minmay_the_grid_octo_2x2, temple_hall, serial_shops,
          kennysheep_mini_moat
D:8:      uniq_grum
D:9:      serial_shops, shop, grunt_ogre_cave
D:10:     serial_shops, shop, minmay_misc_feat_columns, lemuel_centaur_altar,
          uniq_joseph, uniq_josephine
D:11:     minmay_lair_entry_lava, kennysheep_cross_bottleneck
D:12:     erik_orc_3
D:13:     david_vaults_4, basic_altar, lemuel_hellish_altar
D:14:     nicolae_twisting_strands
D:15:     grunt_enter_depths_snipers, portal_ice_cave_rime, minivault_4,
          nicolae_gozag_zags_fifth_avenue
Temple:   nicolae_temple_figure_zero
Lair:1:   kennysheep_snail_temple
Lair:2:   lab_entry_generic, grunt_megastairs_3, lemuel_fruit_fields
Lair:3:   elwin_shoals_entry_rooms, grunt_forest_large_clearing_hut
Lair:4:   spider_nest_entry_web_field, cheibrodos_lair_reptile_den,
          grunt_megastairs_5
Lair:5:   regret_index_bee_streams, slime_altar_1
Lair:6:   hangedman_lair_in_review, basic_altar
Spider:2: uniq_aizul, uniq_jorgrun
Orc:1:    serial_shops, nicolae_shop_trees, nicolae_shop_overgrown_old_shop,
          nicolae_shop_stone
Orc:2:    kennysheep_orc_mage_school, serial_shops, shop,
          okawaru_metal_pillars_1_2
Lab:      labyrinth_spiral
IceCv:    ice_cave_statue_garden_chambered

Skill      XL: |  1  2  3  4  5  6  7  8  9 10 11 12 13 14 15 |
---------------+----------------------------------------------+-----
Axes           | 3 5 7 8 10 12 14 15 17 19 20 | 20.0
Fighting       | 5 7 9 10 12 13 | 13.5
Invocations    | 4 |  4.4
Armour         | 6 10 13 16 | 16.2
Dodging        | |  0.5
Shields        | |  3.2
Evocations     | |  0.8

Action                   |  1- 3 |  4- 6 |  7- 9 | 10-12 | 13-15 | 16-18 || total
-------------------------+-------+-------+-------+-------+-------+-------++-------
Melee: War axe           |   122 |   170 |   309 |       |       |       ||   601
       Kick              |       |       |    70 |   138 |   208 |       ||   416
       Battleaxe         |       |       |     8 |   549 |  1083 |     4 ||  1644
Throw: Javelin           |       |       |       |    22 |    11 |       ||    33
 Cast: Vampiric Draining |       |       |     2 |       |       |       ||     2
Invok: Minor Destruction |       |       |       |     4 |       |       ||     4
       Lesser Servant of |       |       |       |     7 |    14 |       ||    21
       Major Destruction |       |       |       |       |     8 |       ||     8
 Abil: Heal Wounds       |       |     2 |     7 |    24 |    13 |       ||    46
       Evoke Berserk Rag |       |       |       |       |     3 |       ||     3
Evoke: Wand              |       |     3 |     2 |    29 |    50 |     1 ||    85
       Fan of gales      |       |       |       |     2 |       |       ||     2
       Box of beasts     |       |       |       |     1 |       |       ||     1
       Lamp of fire      |       |       |       |       |     1 |       ||     1
       Sack of spiders   |       |       |       |       |     1 |       ||     1
  Use: Potion            |     1 |     1 |     8 |     7 |     7 |       ||    24
       Scroll            |       |       |    13 |    26 |    20 |     1 ||    60
 Stab: Invisible         |       |       |       |     4 |       |       ||     4
       Distracted        |       |       |       |     2 |     1 |       ||     3
       Betrayed ally     |       |       |       |       |     1 |       ||     1
  Eat: Chunk             |     1 |     7 |     9 |    25 |    17 |       ||    59
       Fruit             |       |       |       |     2 |    22 |       ||    24
Armor: Scale mail        |     8 |       |       |       |       |       ||     8
       Ring mail         |    22 |    72 |   126 |   213 |    57 |       ||   490
       Skin              |       |       |       |    73 |       |       ||    73
       Plate armour      |       |       |       |       |   601 |       ||   601
       Gold dragon scale |       |       |       |       |   317 |     2 ||   319
Dodge: Dodged            |    32 |    60 |   105 |   284 |   388 |       ||   869
Block: Shield            |    72 |   110 |   135 |       |       |       ||   317

Table legend:
 A = Spawn XP
 B = Non-spawn XP
 C = Spawn XP percentage of total XP
 D = Spawn monster count
 E = Non-spawn monster count
 F = Spawn count percentage of total count
 G = Total turns spent on level
                    A         B        C        D         E        F      G
               +---------+---------+-------+---------+---------+-------+---------
         Total |       0 |  154783 |   0.0 |       0 |     887 |   0.0 | 23060
               +---------+---------+-------+---------+---------+-------+---------
           D:1 |       0 |      31 |   0.0 |       0 |      16 |   0.0 |   712
           D:2 |       0 |     150 |   0.0 |       0 |      34 |   0.0 |   964
           D:3 |       0 |     191 |   0.0 |       0 |      32 |   0.0 |  1282
           D:4 |       0 |    1226 |   0.0 |       0 |      21 |   0.0 |   909
           D:5 |       0 |     663 |   0.0 |       0 |      19 |   0.0 |   532
           D:6 |       0 |    1662 |   0.0 |       0 |      32 |   0.0 |   987
           D:7 |       0 |    2037 |   0.0 |       0 |      26 |   0.0 |   970
           D:8 |       0 |    2602 |   0.0 |       0 |      31 |   0.0 |  1046
           D:9 |       0 |    2865 |   0.0 |       0 |      54 |   0.0 |  1435
          D:10 |       0 |    6488 |   0.0 |       0 |      52 |   0.0 |   825
          D:11 |       0 |    4719 |   0.0 |       0 |      30 |   0.0 |  1113
          D:12 |       0 |    6415 |   0.0 |       0 |      43 |   0.0 |   906
          D:13 |       0 |    7861 |   0.0 |       0 |      27 |   0.0 |   690
          D:14 |       0 |   10190 |   0.0 |       0 |      47 |   0.0 |   835
          D:15 |       0 |   11786 |   0.0 |       0 |      27 |   0.0 |   929
        Lair:1 |       0 |    4386 |   0.0 |       0 |      20 |   0.0 |   805
        Lair:2 |       0 |    8992 |   0.0 |       0 |      34 |   0.0 |  1091
        Lair:3 |       0 |    7036 |   0.0 |       0 |      28 |   0.0 |   923
        Lair:4 |       0 |    5189 |   0.0 |       0 |      26 |   0.0 |   817
        Lair:5 |       0 |    8343 |   0.0 |       0 |      59 |   0.0 |  1103
        Lair:6 |       0 |   20127 |   0.0 |       0 |      59 |   0.0 |  1041
      Spider:1 |       0 |   19257 |   0.0 |       0 |      50 |   0.0 |   698
      Spider:2 |       0 |    7693 |   0.0 |       0 |      24 |   0.0 |   190
         Orc:1 |       0 |    3906 |   0.0 |       0 |      41 |   0.0 |   661
         Orc:2 |       0 |    6798 |   0.0 |       0 |      43 |   0.0 |   951
           Lab |       0 |    1033 |   0.0 |       0 |       1 |   0.0 |   313
         IceCv |       0 |    3137 |   0.0 |       0 |      11 |   0.0 |   189
               +---------+---------+-------+---------+---------+-------+---------

Vault maps used:
D:1:      saegor_arrival_simple_d, minmay_misc_feat_room
D:2:      uniq_robin, uniq_terence, uniq_jessica
D:3:      lemuel_crystal_altar, fedhas_altar_2, first_bread
D:4:      minmay_wonky_spiral, minmay_misc_feat_cross, minmay_misc_feat_five,
          lightli_corner_chamber, uniq_grinder, uniq_pikel
D:5:      minitemple, minmay_misc_feat_nine_boxes
D:6:      led_sif_pool, hangedman_abyss_or_decor_stabs, hangedman_glass_teeth,
          st_stairs_2
D:7:      minmay_the_grid_octo_2x2, temple_hall, serial_shops,
          kennysheep_mini_moat
D:8:      uniq_grum
D:9:      serial_shops, shop, grunt_ogre_cave
D:10:     serial_shops, shop, minmay_misc_feat_columns, lemuel_centaur_altar,
          uniq_joseph, uniq_josephine
D:11:     minmay_lair_entry_lava, kennysheep_cross_bottleneck
D:12:     erik_orc_3
D:13:     david_vaults_4, basic_altar, lemuel_hellish_altar
D:14:     nicolae_twisting_strands
D:15:     grunt_enter_depths_snipers, portal_ice_cave_rime, minivault_4,
          nicolae_gozag_zags_fifth_avenue
Temple:   nicolae_temple_figure_zero
Lair:1:   kennysheep_snail_temple
Lair:2:   lab_entry_generic, grunt_megastairs_3, lemuel_fruit_fields
Lair:3:   elwin_shoals_entry_rooms, grunt_forest_large_clearing_hut
Lair:4:   spider_nest_entry_web_field, cheibrodos_lair_reptile_den,
          grunt_megastairs_5
Lair:5:   regret_index_bee_streams, slime_altar_1
Lair:6:   hangedman_lair_in_review, basic_altar
Spider:2: uniq_aizul, uniq_jorgrun
Orc:1:    serial_shops, nicolae_shop_trees, nicolae_shop_overgrown_old_shop,
          nicolae_shop_stone
Orc:2:    kennysheep_orc_mage_school, serial_shops, shop,
          okawaru_metal_pillars_1_2
Lab:      labyrinth_spiral
IceCv:    ice_cave_statue_garden_chambered

Table legend:
 A = Turns spent in this place as a percentage of turns spent in the entire game.
 B = Non-inter-level travel turns spent in this place as a percentage of non-inter-level travel turns spent in the entire game.
 C = Inter-level travel turns spent in this place as a percentage of turns spent in this place.
 D = Turns resting spent in this place as a percentage of non-inter-level travel turns spent in this place.
 E = Turns spent auto-exploring this place as a percentage of non-inter-level travel turns spent in this place.
 F = Non-inter-level travel turns spent in this place divided by the number of levels of this place that you've seen.
                   A       B       C       D       E      F
               +-------+-------+-------+-------+-------+----------------------
         Total | 100.0 | 100.0 |   6.6 |   7.0 |  55.9 | 769.5
       Dungeon |  61.3 |  60.7 |   7.4 |   9.3 |  57.1 | 872.5
        Temple |   0.6 |   0.6 |   6.3 |   0.0 |  91.8 | 134.0
          Lair |  25.1 |  25.4 |   5.4 |   3.3 |  61.7 | 911.5
   Spider Nest |   3.9 |   4.0 |   3.6 |   0.0 |  36.2 | 428.0
  Orcish Mines |   7.0 |   6.9 |   7.2 |   7.0 |  50.7 | 748.0
     Labyrinth |   1.4 |   1.5 |   0.0 |   0.0 |   0.0 | 313.0
      Ice Cave |   0.8 |   0.9 |   0.0 |   0.0 |   0.5 | 189.0
               +-------+-------+-------+-------+-------+----------------------

Table legend:
 A = Kills in this place as a percentage of kills in entire the game.
 B = Kills by you in this place as a percentage of kills by you in the entire game.
 C = Kills by friends in this place as a percentage of kills by friends in the entire game.
 D = Other kills in this place as a percentage of other kills in the entire game.
 E = Experience gained in this place as a percentage of experience gained in the entire game.
 F = Experience gained in this place divided by the number of levels of this place that you have seen.
                   A       B       C       D       E      F
               +-------+-------+-------+-------+-------+----------------------
         Total | 100.0 | 100.0 | 100.0 | 100.0 | 100.0 | 5528.0
       Dungeon |  55.4 |  58.3 |  17.6 |  35.7 |  38.0 | 3925.7
          Lair |  25.5 |  24.7 |  17.6 |  41.1 |  34.9 | 9012.2
   Spider Nest |   8.3 |   7.5 |  17.6 |  14.3 |  17.4 | 13475.0
  Orcish Mines |   9.5 |   8.0 |  47.1 |   7.1 |   6.9 | 5352.0
     Labyrinth |   0.1 |   0.1 |   0.0 |   0.0 |   0.7 | 1033.0
      Ice Cave |   1.2 |   1.3 |   0.0 |   1.8 |   2.0 | 3137.0
               +-------+-------+-------+-------+-------+----------------------
